 Dungeon Sprint DCSS version 0.28.0-53-g5a82cb258f (webtiles) character file.

Game seed: 2533347828951851997

4782 Zeld the Severer (level 10, -4/112 HPs)
             Began as a Minotaur Berserker on June 5, 2022.
             Was the Champion of Trog.
             Succumbed to an emperor scorpion's poison
             ... in the Dungeon (Sprint VII: "The Pits").
             The game lasted 00:02:40 (2358 turns).

Zeld the Severer (Minotaur Berserker)               Turns: 2358, Time: 00:02:40

Health: -4/112     AC: 17    Str: 25    XL:     10   Next: 23%
Magic:  3/3        EV: 11    Int:  4    God:    Trog [******]
Gold:   0          SH:  0    Dex: 11    Spells: 9/9 levels left

rFire   . . .      SeeInvis .   a - +2 executioner's axe (antimagic)
rCold   . . .      Faith    .   (shield currently unavailable)
rNeg    . . .      Spirit   .   b - +2 plate armour
rPois   .          Reflect  .   (helmet restricted)
rElec   .          Harm     .   (no cloak)
rCorr   .          Rampage  .   (no gloves)
Will    .....      NoTele   +   o - +0 pair of boots
Stlth   ..........              (no amulet)
HPRegen 0.28/turn               (no ring)
MPRegen 0.08/turn               (no ring)

@: lethally poisoned (-4 -> -49), on berserk cooldown, slowed, very slow
A: horns 2, retaliatory headbutt
a: Renounce Religion, Berserk, Trog's Hand, Brothers in Arms


You were in the Dungeon.
You worshipped Trog.
Trog was exalted by your worship.
You visited 1 branch

Inventory:

Hand Weapons
 a - a +2 antimagic executioner's axe (weapon)
Armour
 b - a +2 plate armour (worn)
 o - a +0 pair of boots (worn)
Jewellery
 k - a +3 ring of evasion
 l - a +3 ring of evasion
Scrolls
 j - a scroll of summoning
Potions
 c - 6 potions of curing
 d - 6 potions of heal wounds
 e - 3 potions of haste
 f - 4 potions of magic
 g - 3 potions of berserk rage
 i - 2 potions of invisibility
 m - a potion of resistance
 n - a potion of might


   Skills:
 * Level 17.6 Fighting
 * Level 17.8 Axes
 - Level 9.0 Armour
 + Level 11.6 Dodging


You had 9 spell levels left.
You didn't know any spells.
Your spell library was empty.

Dungeon Overview and Level Annotations

Branches:
Dungeon (1/1)

Altars:
Ashenzari
Cheibriados
Dithmenos
Elyvilon
Fedhas
Gozag
Hepliaklqana
Kikubaaqudgha
Makhleb
Nemelex Xobeh
Okawaru
Qazlal
Ru
Sif Muna
Trog
Uskayaw
Vehumet
Wu Jian
Xom
Yredelemnul
Zin
The Shining One
Beogh
Jiyva
Lugonu


Innate Abilities, Weirdness & Mutations

You have a pair of horns on your head.
You reflexively headbutt those who attack you in melee.


Message History

There is an open door, spattered with blood here.
Items here: ( ) [ †††.
You slash the phantom! You headbutt the phantom.
You destroy the phantom!
Trog accepts your kill.
You hit the death yak. The death yak closely misses you.
An emperor scorpion comes into view.
Unknown command.
You slash the emperor scorpion!
The emperor scorpion is lightly wounded.
You slice the death yak!!
You hear an angry hiss.
Unknown command.
You slash the emperor scorpion!
The emperor scorpion is lightly wounded.
You hit the death yak. The emperor scorpion stings you!
* * * LOW HITPOINT WARNING * * *
The emperor scorpion claws you but does no damage. x2
The death yak closely misses you. You furiously retaliate!
You headbutt the death yak!
You completely miss the emperor scorpion.
You headbutt the emperor scorpion, but do no damage.
The emperor scorpion is lightly wounded.
You completely miss the death yak.
You are no longer berserk.
You are exhausted.
You feel yourself slow down.
The nagaraja casts a spell.
The nagaraja seems to speed up.
The emperor scorpion stings you.
* * * LOW HITPOINT WARNING * * *
You are lethally poisoned!
The emperor scorpion poisons you!
The emperor scorpion claws you but does no damage.
The emperor scorpion misses you. The death yak barely misses you.
You hear an angry hiss.
You hear a bark!
Unknown command.
Blink to where?
Press: ? - help, Dir - move target
As you read the scroll of blinking, it crumbles to dust.
You die...

#######################.
#....................++.
#......@.............++.
#..###########§####..##. #..#
#Y#s# #..# #..# #D# #3##..#
#..# #N# #4#..# #..# #K# ##..#
#..# #Y# #..#
#..################..#
##########....................#


There were no monsters in sight!

Vanquished Creatures
  An orc high priest (D)
  A death yak (D)
  Urug (D)
  An elephant (D)
  A kobold demonologist (D)
  5 dream sheep (D)
  Prince Ribbit (D)
  A fire bat (D)
  A floating eye (D)
  An ice beast (D)
  4 orc warriors (D)
  A sky beast (D)
  3 wolves (D)
  A phantom (D)
  A kobold brigand (D)
  A small abomination (D)
  A crimson imp (D)
  An orc priest (D)
  An orc wizard (D)
  2 adders (D)
  2 gnolls (D)
  2 river rats (D)
  3 orcs (D)
  3 endoplasms (D)
  A hobgoblin (D)
  2 jackals (D)
  A frilled lizard (D)
44 creatures vanquished.

Notes
Turn   | Place    | Note
-------+----------+-------------------------------------------
     0 | D        | Zeld the Minotaur Berserker began the quest for the Orb.
     0 | D        | Reached XP level 1. HP: 19/19 MP: 0/0
    17 | D        | Found a bloodstained altar of Trog.
    17 | D        | Found a shimmering blue altar of Sif Muna.
    17 | D        | Found a viscous altar of Jiyva.
    17 | D        | Found a hazy altar of Hepliaklqana.
    17 | D        | Found an opulent altar of Gozag.
    18 | D        | Found a glowing golden altar of the Shining One.
    18 | D        | Found a glowing silver altar of Zin.
    18 | D        | Found a basalt altar of Yredelemnul.
    18 | D        | Found a shimmering altar of Xom.
    18 | D        | Found an ornate altar of the Wu Jian Council.
    18 | D        | Found a sacrificial altar of Ru.
    18 | D        | Found a stormy altar of Qazlal.
    18 | D        | Found an iron altar of Okawaru.
    18 | D        | Found a sparkling altar of Nemelex Xobeh.
    18 | D        | Found a burning altar of Makhleb.
    18 | D        | Found a blossoming altar of Fedhas.
    18 | D        | Found a white marble altar of Elyvilon.
    18 | D        | Found a shadowy altar of Dithmenos.
    18 | D        | Found a snail-covered altar of Cheibriados.
    19 | D        | Found a radiant altar of Vehumet.
    19 | D        | Found a corrupted altar of Lugonu.
    21 | D        | Found a broken altar of Ashenzari.
    21 | D        | Found an ancient bone altar of Kikubaaqudgha.
    21 | D        | Found a hide-covered altar of Uskayaw.
    60 | D        | Reached XP level 2. HP: 22/28 MP: 1/1
    63 | D        | Reached ** piety under Trog
   517 | D        | Reached skill level 5 in Fighting
   517 | D        | Reached skill level 5 in Axes
   751 | D        | Reached *** piety under Trog
   752 | D        | Reached XP level 3. HP: 36/36 MP: 2/2
   825 | D        | Noticed a sky beast
   826 | D        | Noticed a fire bat
   827 | D        | Noticed a floating eye
   829 | D        | Paralysed by a floating eye for 2 turns
   833 | D        | Killed a sky beast
   833 | D        | Reached **** piety under Trog
   834 | D        | Reached skill level 5 in Armour
   834 | D        | Reached XP level 4. HP: 41/48 MP: 3/3
   834 | D        | Reached XP level 5. HP: 45/53 MP: 4/4
   835 | D        | Killed a floating eye
   836 | D        | Reached skill level 5 in Dodging
   839 | D        | Killed a fire bat
   840 | D        | Reached skill level 10 in Fighting
   840 | D        | Reached skill level 10 in Axes
   840 | D        | Reached XP level 6. HP: 58/67 MP: 5/5
   841 | D        | Reached ***** piety under Trog
   961 | D        | Noticed an orc warrior
   970 | D        | Killed an orc warrior
  1298 | D        | Noticed a kobold demonologist
  1303 | D        | Killed a kobold demonologist
  1303 | D        | Received a gift from Trog
  1304 | D        | Reached XP level 7. HP: 74/77 MP: 6/6
  1315 | D        | Noticed a dream sheep
  1315 | D        | Noticed a dream sheep
  1315 | D        | Noticed a dream sheep
  1315 | D        | Noticed a dream sheep
  1315 | D        | Noticed an orc high priest
  1316 | D        | Noticed a dream sheep
  1320 | D        | Killed a dream sheep
  1323 | D        | Killed a dream sheep
  1324 | D        | Reached XP level 8. HP: 38/85 MP: 2/7
  1324 | D        | Noticed a sixfirhy
  1324 | D        | Noticed a smoke demon
  1325 | D        | Killed a dream sheep
  1335 | D        | Killed a dream sheep
  1342 | D        | Killed a dream sheep
  1352 | D        | Reached ****** piety under Trog
  1353 | D        | Reached XP level 9. HP: 28/96 MP: 2/8
  1354 | D        | Received a gift from Trog
  1355 | D        | Noticed a sun demon
  1356 | D        | Noticed an ice devil
  1363 | D        | Noticed a sixfirhy
  1366 | D        | Killed an orc high priest
  1367 | D        | Reached skill level 15 in Fighting
  1367 | D        | Reached skill level 15 in Axes
  1367 | D        | Reached skill level 10 in Dodging
  1492 | D        | Noticed Prince Ribbit
  1505 | D        | Killed Prince Ribbit
  1505 | D        | Received a gift from Trog
  1995 | D        | Received a gift from Trog
  2333 | D        | Noticed a death yak
  2333 | D        | Noticed a death yak
  2333 | D        | Noticed a death yak
  2333 | D        | Noticed a seven-headed hydra
  2334 | D        | Noticed Urug
  2334 | D        | Noticed an ice devil
  2334 | D        | Noticed an elephant
  2343 | D        | Killed a death yak
  2347 | D        | Noticed a sixfirhy
  2347 | D        | Killed an elephant
  2348 | D        | Reached XP level 10. HP: 94/111 MP: 3/9
  2352 | D        | Killed Urug
  2353 | D        | Noticed a fire dragon
  2353 | D        | Noticed a nagaraja
  2354 | D        | Noticed an emperor scorpion
  2358 | D        | Succumbed to an emperor scorpion's poison

Illustrated notes

Levels and vault maps discovered:
D:        pitsprint [storerooms_1, entrance_room_1, metal_vault_3, armoury_3,
          mini_pit_1, grid_room_1, main_hall_1, silver_pit, the_coven_3,
          the_vestibule_1, steel_vault_1, golden_pit, hallway_of_sentries,
          crystal_vault_4, iron_vault_4, final_vault]

Skill      XL: |  1  2  3  4  5  6  7  8  9 |
---------------+----------------------------+-----
Axes           | 4 5 8 10 12 13 14 17 | 17.8
Fighting       | 4 5 7 10 12 14 17 | 17.6
Armour         | 3 5 7 8 9 |  9.0
Dodging        | 3 4 6 7 8 9 11 | 11.6

Action                   |  1- 3 |  4- 6 |  7- 9 | 10-12 || total
-------------------------+-------+-------+-------+-------++-------
Melee: Hand axe          |    33 |    21 |       |       ||    54
       Headbutt          |     3 |     7 |     8 |     4 ||    22
       Punch             |     1 |       |       |       ||     1
       Executioner's axe |       |       |    60 |     9 ||    69
Invok: Berserk           |       |       |     1 |       ||     1
  Use: Potion            |       |       |     6 |       ||     6
       Scroll            |       |       |       |     1 ||     1
Armor: Animal skin       |     3 |       |       |       ||     3
       Plate armour      |     8 |     8 |    35 |     3 ||    54
Dodge: Dodged            |    22 |     5 |    24 |     5 ||    56
